 Dungeon Crawl Stone Soup version 0.26.1-2-gb8aa6d0cf2 (webtiles) character file.

Game seed: 586236140245622347

269 nightchill the Spear-Bearer (level 6, 0/49 HPs)
             Began as a Merfolk Gladiator on Mar 22, 2021.
             Slain by an orc
             ... wielding a +2 vorpal flail
              (5 damage)
             ... on level 3 of the Dungeon.
             The game lasted 00:05:36 (3646 turns).

nightchill the Spear-Bearer (Merfolk Gladiator)     Turns: 3646, Time: 00:05:37

Health: 0/49       AC:  9    Str: 16    XL:     6   Next: 22%
Magic:  6/6        EV:  8    Int:  7    God:
Gold:   103        SH:  0    Dex: 16    Spells: 5/5 levels left

rFire    . . .     SeeInvis .   a - +0 trident
rCold    . . .     Faith    .   (no shield)
rNeg     . . .     Spirit   .   p - +0 chain mail
rPois    .         Reflect  .   c - +0 helmet
rElec    .         Harm     .   (no cloak)
rCorr    .         Rampage  .   (no gloves)
Will     .....                  (no boots)
Stlth    ..........             (no amulet)
HPRegen  0.16/turn              (no ring)
MPRegen  0.10/turn              (no ring)

@: slowed, very slow
A: change form in water, swift swim, stealthy swim
a: no special abilities


You were on level 3 of the Dungeon.
You visited 1 branch of the dungeon, and saw 3 of its levels.

You collected 103 gold pieces.

Inventory:

Hand Weapons
 a - a +0 trident (weapon)
Missiles
 d - a throwing net (quivered)
 t - 13 poisoned darts
Armour
 b - a +0 leather armour
 c - a +0 helmet (worn)
 n - a +0 ring mail
 p - a +0 chain mail (worn)
Jewellery
 e - a +6 ring of intelligence {unknown}
 r - a +6 ring of dexterity {unknown}
Scrolls
 f - 5 scrolls of identify {unknown}
 g - 2 scrolls of enchant weapon {unknown}
 h - 3 scrolls of amnesia {unknown}
 j - a scroll of enchant armour {unknown}
 k - a scroll of blinking {unknown}
 l - a scroll of magic mapping {unknown}
 o - 6 scrolls of remove curse {unknown}
Potions
 i - 5 potions of attraction
 m - a potion of might {unknown}
 q - a potion of curing
 s - a potion of invisibility {unknown}
 u - 2 potions of heal wounds {unknown}
 v - a potion of mutation {unknown}


   Skills:
 + Level 4.3 Fighting
 * Level 8.4 Polearms
 - Level 2.0 Throwing
 - Level 4.0 Dodging


You had 5 spell levels left.
You didn't know any spells.
Your spell library was empty.

Dungeon Overview and Level Annotations

Branches:
Dungeon (3/15)

Altars:

Annotations:
D:2 exclusion: downstairs


Message History

It was a potion of curing.
You feel better.
The orc wizard gestures at you while chanting.
The magic dart hits you.
* * * LOW HITPOINT WARNING * * *
The orc closely misses you.
The orc wizard hits you with a +0 dagger.
* * * LOW HITPOINT WARNING * * *
Throw: 2 throwing nets
Press: ? - help, Q - select action, (/) - cycle Shift-Dir - straight line, f - orc wizard
Aim: an orc wizard, wielding a +0 dagger and wearing a +0 robe (fast, 53% to hit)
You throw a throwing net. The throwing net hits the orc wizard.
The orc wizard is caught in the net!
The orc wizard mumbles some strange words.
The orc wizard blinks!
The orc closely misses you.
Your chain mail prevents you from hitting the orc.
The orc hits you with a +2 vorpal flail.
* * * LOW HITPOINT WARNING * * *
* * * LOW HITPOINT WARNING * * *
The orc hits you with a +2 vorpal flail.
You die...

.......###..........###.So..
........##.........oS..o##..
#.###........###### .#
############.###........##### #.
......<...(.................# o
...................o.......... .
.....(....[..##.÷...>.........
..............#§o.............
................@.............
#####(......##†................
#...#(......##.(................
.....(.....###.................
..............(................
............#.................#
......>....................[#.#
..........#................##.#
#...##...###...^......o.##..#.#


You could see an orc wizard (fast) and an orc.

Vanquished Creatures
  2 orc priests (D:3)
  2 orc wizards
  Robin (D:2)
  6 adders
  2 dart slugs
  2 worms (D:2)
  4 leopard geckos
  7 orcs
  4 bats
  3 giant cockroaches
  15 goblins
  4 hobgoblins
  A quokka (D:2)
  4 frilled lizards
  12 kobolds
  6 rats
75 creatures vanquished.

Notes
Turn   | Place    | Note
-------+----------+-------------------------------------------
     0 | D:1      | nightchill the Merfolk Gladiator began the quest for the
                  | Orb.
     0 | D:1      | Reached XP level 1. HP: 16/16 MP: 1/1
     2 | D:1      | Noticed a dwarf
     4 | D:1      | Noticed a minotaur
     4 | D:1      | Noticed a naga
     6 | D:1      | Noticed a demonspawn
     8 | D:1      | Noticed an elf
     8 | D:1      | Noticed an ogre
    10 | D:1      | Noticed a vine stalker
    10 | D:1      | Noticed a demigod
    12 | D:1      | Noticed a tengu
    12 | D:1      | Noticed a halfling
    14 | D:1      | Noticed a formicid
    14 | D:1      | Noticed a centaur
    16 | D:1      | Noticed a draconian
    18 | D:1      | Noticed a spriggan
    18 | D:1      | Noticed a merfolk
    20 | D:1      | Noticed a human
    22 | D:1      | Noticed a vampire
    22 | D:1      | Noticed a ghoul
    24 | D:1      | Noticed an octopode
    24 | D:1      | Noticed a felid
    26 | D:1      | Noticed a gargoyle
    26 | D:1      | Noticed a troll
   260 | D:1      | Reached XP level 2. HP: 16/23 MP: 2/2
   283 | D:1      | Reached skill level 5 in Polearms
  1327 | D:2      | Reached XP level 3. HP: 28/28 MP: 3/3
  1880 | D:2      | Reached skill level 6 in Polearms
  2261 | D:3      | Reached XP level 4. HP: 35/35 MP: 4/4
  2306 | D:2      | Reached skill level 7 in Polearms
  2306 | D:2      | Reached XP level 5. HP: 26/41 MP: 5/5
  2910 | D:3      | Noticed Robin
  2919 | D:2      | Killed Robin
  3141 | D:3      | Reached skill level 8 in Polearms
  3141 | D:3      | Reached XP level 6. HP: 41/48 MP: 6/6
  3646 | D:3      | Slain by an orc

Illustrated notes

Levels and vault maps discovered:
D:1:      kb_arrival_jail, layout_rooms
D:2:      layout_loops_ring, grunt_ministairs_1
D:3:      layout_rooms, ebering_ghost_gozag, uniq_robin

Skill      XL: |  1  2  3  4  5 |
---------------+----------------+-----
Polearms       | 5 6 7 8 |  8.4
Fighting       | 3 4 |  4.3
Throwing       | |  2.0
Dodging        | |  4.0

Action                   |  1- 3 |  4- 6 || total
-------------------------+-------+-------++-------
Melee: Trident           |   128 |   172 ||   300
Throw: Throwing net      |     1 |     3 ||     4
  Use: Potion            |     1 |     1 ||     2
 Stab: Sleeping          |     1 |       ||     1
       Held in net/web   |     1 |       ||     1
Armor: Leather armour    |     8 |       ||     8
       Ring mail         |    10 |       ||    10
       Chain mail        |    18 |   136 ||   154
Dodge: Dodged            |    72 |   112 ||   184
